 Dungeon Crawl Stone Soup version 0.30.1-9-gdf580d7c3d (webtiles) character file.

Game seed: 10407880956530315243

55 qax the Sneak (level 4, -1/27 HPs)
             Began as a Kobold Brigand on Oct 25, 2023.
             Slain by a worm (7 damage)
             ... on level 2 of the Dungeon.
             The game lasted 00:02:19 (1175 turns).

qax the Sneak (Kobold Brigand)                      Turns: 1175, Time: 00:02:20

Health: -1/27      AC:  3    Str:  8    XL:     4   Next: 14%
Magic:  4/4        EV: 14    Int: 12    God:
Gold:   48         SH:  0    Dex: 18    Spells: 3/3 levels left

rFire   . . .        a - +2 dagger
rCold   . . .        (no shield)
rNeg    . . .        b - +0 robe
rPois   .            (no helmet)
rElec   .            c - +0 cloak
rCorr   .            (no gloves)
SInv    .            (no boots)
Will    .....        (no amulet)
Stlth   +++++        (no ring)
HPRegen 0.24/turn    (no ring)
MPRegen 0.09/turn

%: no passive effects
@: no status effects
A: small, no large weapons, nightstalker 3
a: no special abilities


You were on level 2 of the Dungeon.
You visited 1 branch of the dungeon, and saw 2 of its levels.

You collected 48 gold pieces.

Inventory:

Hand Weapons
 a - a +2 dagger (weapon)
 m - a +0 sling
Missiles
 d - 14 poisoned darts (quivered)
 e - 3 curare-tipped darts
Armour
 b - a +0 robe (worn)
 c - a +0 cloak (worn)
 j - a +0 ring mail
Wands
 l - a wand of iceblast (11)
Scrolls
 h - 2 scrolls of vulnerability {unknown}
 i - 2 scrolls of teleportation {unknown}
Potions
 f - a potion of curing {unknown}
 g - a potion of resistance {unknown}
 k - a potion of degeneration {unknown}


   Skills:
 + Level 2.6 Fighting
 + Level 3.1 Short Blades
 + Level 2.4 Throwing
 + Level 1.3 Dodging
 + Level 6.7 Stealth


You had 3 spell levels left.
You didn't know any spells.
Your spell library contained the following spells:

 Spells                   Type           Power      Damage    Failure   Level
 Gell's Gravitas          Tloc           0%         N/A       69%         3
 Teleport Other           Tloc           0%         N/A       69%         3
 Dispersal                Tloc           0%         N/A       100%        6


Dungeon Overview and Level Annotations

Branches:
Dungeon (2/15)

Altars:


Innate Abilities, Weirdness & Mutations

You are small and have problems with some larger weapons.
You are completely attuned to the shadows.


Message History

No target in view!
i - 2 scrolls labelled QEBLOUG RUWU (gained 1)
Found a stone staircase leading down.
Found 5 stones.
No target in view!
You see here 5 stones.
Found a sling and a chain mail.
You see here a +0 sling.
m - a +0 sling
Found a stone staircase leading down.
A worm comes into view.
The worm completely misses you.
You hit the worm.
The worm is lightly wounded.
You hit the worm.
The worm is moderately wounded.
The worm bites you!
You hit the worm.
The worm is moderately wounded.
You hit the worm.
The worm is heavily wounded.
The worm bites you!
* * * LOW HITPOINT WARNING * * *
You are too injured to fight recklessly!
You are too injured to fight recklessly!
You are too injured to fight recklessly!
You are too injured to fight recklessly!
You are too injured to fight recklessly!
You barely miss the worm.
The worm is heavily wounded.
You barely miss the worm.
The worm is heavily wounded.
The worm bites you.
* * * LOW HITPOINT WARNING * * *
You hit the worm but do no damage.
The worm is moderately wounded.
You hit the worm.
The worm is heavily wounded.
The worm bites you!
You die...

.## ... #.#
#w#
.###@###.#
........>#
####.#####
###...#####
...........
###...#####
##.## ##.##
#...#


You could see a worm.

Vanquished Creatures
  An adder (D:2)
  2 worms (D:2)
  3 endoplasms
  A giant cockroach (D:1)
  7 goblins (D:1)
  2 hobgoblins (D:1)
  4 jackals (D:1)
  A quokka (D:1)
  7 ball pythons (D:1)
  2 bats
  A frilled lizard (D:1)
  4 kobolds
  2 rats (D:1)
37 creatures vanquished.

Notes
Turn   | Place    | Note
-------+----------+-------------------------------------------
     0 | D:1      | qax the Kobold Brigand began the quest for the Orb.
     0 | D:1      | Reached XP level 1. HP: 12/12 MP: 1/1
    74 | D:1      | Found Zuowim's Armour Boutique.
   147 | D:1      | Reached XP level 2. HP: 18/18 MP: 2/2
   369 | D:1      | Reached skill level 6 in Stealth
   369 | D:1      | Reached XP level 3. HP: 20/22 MP: 3/3
   837 | D:2      | Reached XP level 4. HP: 18/27 MP: 4/4
  1175 | D:2      | Slain by a worm

Illustrated notes

Levels and vault maps discovered:
D:1:      dpeg_arrival_court, layout_loops_ring, serial_shops,
          nicolae_shop_statue_plus, serial_bayou_crossing
D:2:      layout_loops_corners

Skill      XL: |  1  2  3 |
---------------+----------+-----
Stealth        | 6 |  6.7
Short Blades   | 3 |  3.1
Fighting       | |  2.6
Throwing       | |  2.4
Dodging        | |  1.3

Action                     |  1- 3 |  4- 6 || total
---------------------------+-------+-------++-------
  Melee: Dagger            |    72 |    25 ||    97
         Punch             |     1 |       ||     1
  Throw: Dart              |     1 |       ||     1
   Stab: Sleeping          |    21 |       ||    21
 Armour: Robe              |     2 |     1 ||     3
  Dodge: Dodged            |    37 |     8 ||    45
